 Dungeon Crawl Stone Soup version 0.16.1-28-gcc2312f (webtiles) character file.

47 DevDT the Chiller (level 3, -2/24 HPs)
             Began as a Demonspawn Ice Elementalist on May 31, 2015.
             Slain by a goblin
             ... wielding a +0 dagger
             ... led by Robin
              (3 damage)
             ... on level 2 of the Dungeon.
             The game lasted 00:02:10 (1644 turns).

DevDT the Chiller (Demonspawn Ice Elementalist)     Turns: 1644, Time: 00:02:10

Health: -2/24      AC:  2    Str:  8    XL:     3   Next: 48%
Magic:  2/7        EV: 12    Int: 17    God:
Gold:   57         SH:  0    Dex: 13    Spells: 1 memorised, 7 levels left

rFire  . . .     SeeInvis .     (no weapon)
rCold  . . .     Clarity  .     a - +0 robe
rNeg   . . .     SustAb   .     (no shield)
rPois  .         Gourm    .     (no helmet)
rElec  .         Spirit   .     (no cloak)
rCorr  .         Warding  .     (no gloves)
rMut   .         Stasis   .     (no boots)
MR     .....                    (no amulet)
Stlth  ++........               (no ring)
                                (no ring)

@: very slightly contaminated, not resistant to hostile enchantments, unstealthy
A: rot immunity
a: no special abilities


You were on level 2 of the Dungeon.
You were hungry.

You visited 1 branch of the dungeon, and saw 3 of its levels.

You collected 57 gold pieces.

Inventory:

Armour
 a - a +0 robe (worn)
Jewellery
 i - a cursed ring of teleportation {unknown}
Scrolls
 d - a scroll of remove curse {unknown}
 e - a scroll of immolation {unknown}
 g - 4 scrolls of identify {unknown}
 k - 2 scrolls of noise {unknown}
Potions
 f - a potion of cancellation {unknown}
 h - a potion of flight {unknown}
 l - a potion of magic {unknown}
Books
 b - a book of Frost

   Spells                             Type                      Level
   a - Freeze                         Ice                          1
   b - Throw Frost                    Conjuration/Ice              2
   c - Ozocubu's Armour               Charms/Ice                   3
   d - Throw Icicle                   Conjuration/Ice              4
   e - Summon Ice Beast               Ice/Summoning                4
   f - Condensation Shield            Ice                          4
Comestibles
 c - 2 bread rations
 j - 2 chunks of flesh
 m - a meat ration


   Skills:
 - Level 1.8 Dodging
 - Level 1.7 Stealth
 + Level 3.0 Spellcasting
   Level 1.0 Conjurations
 + Level 3.3 Ice Magic


You had 7 spell levels left.
You knew the following spells:

 Your Spells              Type           Power        Failure   Level  Hunger
a - Freeze                Ice            ##..         4%          1    None


Dungeon Overview and Level Annotations

Branches:
Dungeon (3/15)

Altars:

Annotations:
D:2 Terence
D:3 Robin


Innate Abilities, Weirdness & Mutations

You are immune to rotting.


Message History

Level annotation: Terence
There is a stone staircase leading down here.
Casting: Freeze
Confirm with . or Enter, or press ? or * to list all spells.
Aiming: Freeze
Press: ? - help, Shift-Dir - straight line, f - goblin
Aim: a goblin, wielding a dagger (severely wounded)
You miscast Freeze.
You are very lightly contaminated with residual magic.
You shiver with cold.
The goblin hits you with a dagger.
* * * LOW HITPOINT WARNING * * *
Casting: Freeze
Confirm with . or Enter, or press ? or * to list all spells.
Aiming: Freeze
Press: ? - help, Shift-Dir - straight line, f/p - goblin
Aim: a goblin, wielding a dagger (severely wounded)
You freeze the goblin.
The goblin is almost dead.
The goblin hits you with a dagger.
You die...

# # .##############
@............##
############.## #.##
######################.##
........@g...............
#######................).
......###....######.##
.......# #....# #.#
........# #....# #.#
.......# #...... #.#
......# #...... ###
.....# #...... ..# #.....


You could see a goblin.

Vanquished Creatures
  2 adders
  A giant gecko (D:1)
  An ooze (D:3)
  2 giant cockroaches (D:1)
  A hobgoblin (D:2)
  6 kobolds
  2 bats
  A giant newt (D:2)
  6 goblins
  3 jackals (D:2)
  A rat (D:1)
26 creatures vanquished.

Notes
Turn   | Place    | Note
--------------------------------------------------------------
     0 | D:1      | DevDT, the Demonspawn Ice Elementalist, began the quest for the Orb.
     0 | D:1      | Reached XP level 1. HP: 13/13 MP: 3/3
   551 | D:1      | Reached skill level 3 in Ice Magic
   561 | D:1      | Gained mutation: You are immune to rotting. [demonic ancestry]
   561 | D:1      | Reached XP level 2. HP: 11/19 MP: 0/4
  1236 | D:2      | Reached XP level 3. HP: 20/24 MP: 1/6
  1454 | D:2      | Noticed Terence
  1595 | D:3      | Noticed Robin
  1643 | D:2      | HP: 1/24 [goblin/dagger[Robin] (5)]
  1644 | D:2      | Slain by a goblin

Action                   || total
-------------------------++-------
Melee: Unarmed           ||    22
 Cast: Freeze            ||    46
  Eat: Chunk             ||     2
